 Dungeon Crawl Stone Soup version 0.21-a0-153-g78480df (webtiles) character file.

19291 Moloch the Severer (level 12, 0/106 HPs)
             Began as a Hill Orc Fighter on July 30, 2017.
             Was the Champion of Okawaru.
             Killed by vampiric draining
             ... invoked by Josephine
              (21 damage)
             ... on level 1 of the Orcish Mines on July 31, 2017.
             The game lasted 00:23:28 (10427 turns).

Moloch the Severer (Hill Orc Fighter)              Turns: 10427, Time: 00:23:29

Health: 0/106      AC: 16    Str: 28    XL:     12   Next: 67%
Magic:  18/18      EV:  5    Int:  8    God:    Okawaru [******]
Gold:   428        SH: 21    Dex: 15    Spells: 11/11 levels left

rFire    + . .     SeeInvis .   u - +4 broad axe
rCold    + . .     Gourm    +   j - +2 large shield
rNeg     . . .     Faith    .   G - +8 chain mail "Seetzaix" {*Corrode rC+ MR+ Dex+4}
rPois    +         Spirit   .   M - +0 helmet
rElec    .         Reflect  .   C - +1 cloak {MR+}
rCorr    .         Harm     .   (no gloves)
MR       ++...                  q - +0 pair of boots
Stlth    ..........             P - amulet of the gourmand
HPRegen  0.27/turn              E - ring of protection from fire
MPRegen  0.16/turn              F - ring of poison resistance

@: mighty, corroded, slowed, heavily drained, very slow
A: no striking features
a: Heroism, Finesse, Renounce Religion


You were on level 1 of the Orcish Mines.
You worshipped Okawaru.
Okawaru was exalted by your worship.
You were very full.

You visited 2 branches of the dungeon, and saw 14 of its levels.

You collected 727 gold pieces.
You spent 299 gold pieces at shops.

Inventory:

Hand Weapons
 t - a +0 blowgun
 u - a +4 broad axe (weapon)
 K - a cursed +0 morningstar
Missiles
 g - 3 javelins (quivered)
 w - 66 poisoned needles
 V - 2 throwing nets
Armour
 j - a +2 large shield (worn)
 q - a +0 pair of boots (worn)
 C - a +1 cloak of magic resistance (worn)
 G - the +8 chain mail "Seetzaix" (worn) {*Corrode rC+ MR+ Dex+4}
   (You found it on level 6 of the Dungeon)

   It affects your dexterity (+4).
   It protects you from cold.
   It affects your resistance to hostile enchantments.
   It may corrode you when you take damage.
 M - a +0 helmet (worn)
Jewellery
 l - an uncursed ring of protection from magic
 E - a ring of protection from fire (left hand)
 F - a ring of poison resistance (right hand)
 P - an amulet of the gourmand (around neck)
Wands
 A - a wand of confusion (8/48)
 J - a wand of iceblast (6/15)
Scrolls
 c - a scroll of amnesia
 e - 2 scrolls of fear
 h - 2 scrolls of blinking
 i - a scroll of enchant weapon
 o - 7 scrolls of remove curse
 p - 3 scrolls of teleportation
 r - 2 scrolls of fog
 H - 2 scrolls of enchant armour
 L - 2 scrolls of recharging
 O - a scroll of summoning
Potions
 b - 5 potions of curing
 d - 5 potions of might
 m - 4 potions of flight
 s - 2 potions of resistance
 x - 3 potions of agility
 z - 3 potions of mutation
 B - a potion of cancellation
 N - 2 potions of brilliance
 Q - a potion of invisibility
 S - a potion of lignification
Books
 U - a book of Necromancy

   Spells                             Type                      Level
   a - Pain                           Necromancy                   1
   b - Animate Skeleton               Necromancy                   1
   c - Vampiric Draining              Necromancy                   3
   d - Regeneration                   Charms/Necromancy            3
   e - Animate Dead                   Necromancy                   4
   f - Control Undead                 Necromancy                   4
Comestibles
 a - 9 fruits
 f - 10 bread rations
 k - 4 royal jellies
 v - 11 meat rations
 I - 4 chunks of flesh


   Skills:
 * Level 10.1(8.3) Fighting
 + Level 16.3(14.2) Axes
 - Level 3.2(1.7) Armour
 * Level 13.1(11.1) Shields
 - Level 8.8(7.1) Invocations


You had 11 spell levels left.
You didn't know any spells.

Dungeon Overview and Level Annotations

Branches:
Dungeon (12/15)            Temple (0/1) D:5            Lair (0/6) D:11
    Orc (2/2) D:10
    Elf: Orc:2

Altars:
Ashenzari
Cheibriados
Dithmenos
Elyvilon
Kikubaaqudgha
Makhleb
Nemelex Xobeh
Okawaru
Qazlal
Trog
Uskayaw
Wu Jian
Xom
Yredelemnul

Shops:
D:4 (   D:6 *   D:8 ?   D:10 %

Annotations:
Orc:1 Josephine


Message History

The ghostly flame explodes!
The ghostly fireball engulfs you!
You feel drained.
* * * LOW HITPOINT WARNING * * *
The ghostly fireball engulfs the wraith.
The wraith completely resists.
The ghostly fireball engulfs Josephine.
Josephine completely resists.
The ghostly fireball engulfs the wraith.
The wraith completely resists.
You block the orc warrior's attack. The wraith hits you but does no damage.
You block the wraith's attack.
You slash Josephine!
Josephine is almost dead.
You slash the wraith! x2; The orc hits you but does no damage.
You block Josephine's attack. You block the wraith's attack.
The wraith hits you!
* * * LOW HITPOINT WARNING * * *
Your corrosive artefact corrodes you!
The wraith drains your vigour!
You feel yourself slow down. You block the orc warrior's attack.
An ice beast comes into view.
You feel much better. The orc barely misses you.
Josephine is infused with unholy energy.
You die...

**## **** ***
**..##**,,***,*
*$....,,,,,*,,, ***
##**##.....,,,,,,*,,
##.###.##.......,,,,,,,,,
#.......))......,,,,,,,,,
##......@@oKK...,,,,,,,,,
###.##W#Wo.....,,,,,,,,,
#**##.WK.....,,,,,*,,,
*#W......,,,,,,>,,
*#...Y..*,,,,,,,,
****,.....#**,*,,,,,
**,**,......,,**,,,,*
**,,,,,.##Y..,,,,,,,,,
*,,,,,,,,,,,*,,,,,,,,,


You could see Josephine, 4 wraiths, an orc warrior, 2 ice beasts, 2 big kobolds,
an orc and a kobold.

Vanquished Creatures
  6 two-headed ogres
  3 unseen horrors
  An ugly thing (D:11)
  Joseph (D:8)
  A gargoyle (D:10)
  A centaur skeleton (D:10)
  5 trolls
  3 hornets
  2 hippogriffs
  Prince Ribbit (D:8)
  A wraith (Orc:1)
  A wyvern (D:11)
  10 yaks
  Grum (D:8)
  2 hungry ghosts (D:9)
  A water moccasin (D:4)
  3 ice beasts
  A sky beast (D:8)
  13 orc warriors
  2 black bears
  A necrophage (D:9)
  3 phantoms
  5 ogres
  7 centaurs
  4 wolves (D:8)
  A crocodile (D:9)
  4 big kobolds (D:10)
  7 bullfrogs
  5 gnoll sergeants
  A wyvern zombie (D:6)
  6 scorpions
  14 killer bees
  2 electric eels (D:6)
  4 wights (D:6)
  3 howler monkeys
  2 centaur zombies
  4 crimson imps
  2 hounds
  A quasit (D:6)
  2 bullfrog zombies
  Crazy Yiuf (D:4)
  8 orc priests
  4 bullfrog skeletons
  10 orc wizards
  4 iguanas
  13 worker ants
  4 hound skeletons
  2 hound zombies
  A worker ant zombie (D:9)
  14 gnolls
  13 adders
  4 shadow imps
  An ooze (D:7)
  3 worms
  11 dart slugs
  8 leopard geckos
  45 orcs
  A ball python (D:3)
  8 bats
  8 giant cockroaches
  9 goblins
  15 hobgoblins
  9 jackals
  5 quokkas
  11 frilled lizards
  A jackal skeleton (D:5)
  6 kobolds
  A leopard gecko skeleton (D:4)
  6 rats
363 creatures vanquished.

Vanquished Creatures (others)
  An orc wizard (Orc:1)
1 creature vanquished.

Grand Total: 364 creatures vanquished

Notes
Turn   | Place    | Note
-------+----------+-------------------------------------------
     0 | D:1      | Moloch the Hill Orc Fighter began the quest for the Orb.
     0 | D:1      | Reached XP level 1. HP: 19/19 MP: 1/1
    66 | D:1      | Reached skill level 3 in Axes
    67 | D:1      | Reached XP level 2. HP: 23/26 MP: 2/2
    88 | D:1      | Reached skill level 4 in Axes
   359 | D:1      | Reached XP level 3. HP: 26/31 MP: 3/3
  1028 | D:2      | Reached skill level 5 in Axes
  1329 | D:2      | Reached XP level 4. HP: 39/39 MP: 4/4
  1368 | D:2      | Found a sparkling altar of Nemelex Xobeh.
  1827 | D:3      | Found a shadowy altar of Dithmenos.
  1830 | D:3      | Found a basalt altar of Yredelemnul.
  1833 | D:3      | Found a burning altar of Makhleb.
  1836 | D:3      | Found a white marble altar of Elyvilon.
  1917 | D:3      | Reached skill level 6 in Axes
  1975 | D:3      | Reached XP level 5. HP: 44/46 MP: 5/5
  2021 | D:3      | Reached skill level 7 in Axes
  2745 | D:4      | Reached XP level 6. HP: 45/52 MP: 6/6
  2803 | D:4      | Reached skill level 8 in Axes
  2813 | D:4      | Found Latwed's Weapon Shoppe.
  2847 | D:4      | Found a runed door.
  3274 | D:4      | Noticed Crazy Yiuf
  3280 | D:4      | Killed Crazy Yiuf
  3315 | D:5      | Entered Level 5 of the Dungeon
  3388 | D:4      | Reached XP level 7. HP: 60/60 MP: 7/7
  3405 | D:5      | Found a shimmering altar of Xom.
  3427 | D:4      | Reached skill level 5 in Fighting
  3427 | D:4      | Reached skill level 9 in Axes
  3774 | D:5      | Found a sparkling altar of Nemelex Xobeh.
  3790 | D:5      | Reached skill level 10 in Axes
  3815 | D:5      | Found an iron altar of Okawaru.
  3824 | D:5      | Became a worshipper of Warmaster Okawaru
  3895 | D:5      | Reached skill level 1 in Invocations
  3927 | D:5      | Found a shattered altar of Ashenzari.
  4060 | D:5      | Found a staircase to the Ecumenical Temple.
  4253 | D:5      | Found an ornate altar of the Wu Jian Council.
  4253 | D:5      | Found a snail-covered altar of Cheibriados.
  4283 | D:5      | Reached XP level 8. HP: 66/69 MP: 9/9
  4586 | D:6      | Got a distressingly furry chain mail
  4597 | D:6      | Identified the +8 chain mail "Seetzaix" {*Corrode rC+ MR+ Dex+4} (You found it on level 6 of the Dungeon)
  4621 | D:6      | Reached skill level 11 in Axes
  4797 | D:6      | Reached * piety under Okawaru
  5316 | D:6      | Found Sopt's General Store.
  5412 | D:6      | Reached skill level 5 in Shields
  5461 | D:6      | Reached XP level 9. HP: 75/75 MP: 11/11
  5482 | D:6      | You fall through a shaft!
  5522 | D:7      | Reached skill level 12 in Axes
  5541 | D:6      | Reached ** piety under Okawaru
  5663 | D:6      | Noticed a two-headed ogre
  5672 | D:6      | Killed a two-headed ogre
  5672 | D:6      | Reached *** piety under Okawaru
  5672 | D:6      | Reached skill level 5 in Invocations
  6014 | D:7      | Found an ancient bone altar of Kikubaaqudgha.
  6062 | D:7      | Found a stormy altar of Qazlal.
  6076 | D:7      | Reached skill level 13 in Axes
  6164 | D:7      | Reached XP level 10. HP: 86/86 MP: 14/14
  6451 | D:8      | Noticed Grum
  6473 | D:8      | Killed Grum
  6476 | D:8      | Reached **** piety under Okawaru
  6518 | D:8      | Found a bloodstained altar of Trog.
  6631 | D:8      | Noticed a two-headed ogre
  6717 | D:8      | Killed a two-headed ogre
  6717 | D:8      | Reached ***** piety under Okawaru
  6717 | D:8      | Reached skill level 14 in Axes
  6752 | D:8      | Noticed Prince Ribbit
  6850 | D:8      | Noticed Joseph
  6863 | D:8      | Killed Joseph
  6979 | D:8      | Found Guemp's Magic Scroll Shoppe.
  6984 | D:8      | Bought a scroll of teleportation for 45 gold pieces
  6984 | D:8      | Bought a scroll of enchant weapon for 112 gold pieces
  6984 | D:8      | Bought a scroll of summoning for 142 gold pieces
  7063 | D:8      | Killed Prince Ribbit
  7332 | D:9      | Reached XP level 11. HP: 94/94 MP: 16/16
  7411 | D:9      | Found a hide-covered altar of Uskayaw.
  7615 | D:9      | Reached skill level 10 in Shields
  7860 | D:10     | Entered Level 10 of the Dungeon
  7921 | D:10     | Received a gift from Okawaru
  7924 | D:10     | Got a pitted chain mail {god gift}
  7935 | D:10     | Identified the +4 chain mail "Pyomaom" {Slay+2} (Okawaru gifted it to you on level 10 of the Dungeon)
  7957 | D:10     | Noticed a two-headed ogre
  7968 | D:10     | Killed a two-headed ogre
  7968 | D:10     | Reached skill level 15 in Axes
  8032 | D:10     | Found a staircase to the Orcish Mines.
  8213 | D:10     | Noticed a two-headed ogre
  8234 | D:10     | Killed a two-headed ogre
  8525 | D:10     | Found Potism's Food Shoppe.
  8651 | D:10     | Killed an unseen horror
  8780 | D:10     | Noticed a two-headed ogre
  8791 | D:10     | Killed a two-headed ogre
  8909 | D:10     | Reached XP level 12. HP: 103/104 MP: 18/18
  9747 | D:11     | Reached skill level 16 in Axes
  9816 | D:11     | Found a staircase to the Lair.
  9847 | D:11     | Received a gift from Okawaru
  9847 | D:11     | Reached ****** piety under Okawaru
 10166 | D:11     | Upgraded the game from 0.21-a0-151-ga4fe563 to 0.21-a0-153-g78480df
 10244 | Orc:1    | Entered Level 1 of the Orcish Mines
 10290 | Orc:2    | Entered Level 2 of the Orcish Mines
 10323 | Orc:1    | Noticed a stone giant
 10330 | Orc:2    | Noticed a two-headed ogre
 10357 | Orc:2    | Killed a two-headed ogre
 10357 | Orc:2    | Reached skill level 10 in Fighting
 10409 | Orc:1    | Noticed Josephine
 10426 | Orc:1    | HP: 2/106 [wraith[Josephine] (10)]
 10427 | Orc:1    | Killed from afar by Josephine

Vault maps used:
D:1:      tarquinn_simple_flora_water_b, minmay_octomino_c4
D:2:      nemelex_diamond_rough_becter
D:3:      grunt_temple_overflow_cloverleaf
D:4:      serial_shops, shop, uniq_crazy_yiuf_cottage
D:5:      xom_confusion_cloud, nicolae_overflow_hidden_temple,
          chequers_temple_overflow_statue_of_worship, kennysheep_little_box,
          minmay_temple_entry_fiery, first_bread, okawaru_trees_2
D:6:      kennysheep_slugbush, serial_shops, nicolae_shop_stone
D:7:      kennysheep_mini, kiku_gazebo_pond_becter
D:8:      marbit_many_paths, serial_shops, shop, uniq_joseph,
          uniq_prince_ribbit1, uniq_grum
D:9:      overflow_temple_1_default, grunt_ogre_cave, minmay_crystal_room
D:10:     kennysheep_orc_monster_closet_entryway, serial_shops,
          nicolae_shop_trees
D:11:     lair_entry_dummy, lightli_orcish_oven
D:12:     special_room
Orc:1:    special_room, portal_ice_cave_entry_ice_beasts, uniq_josephine
Orc:2:    grunt_orc_cross, uniq_maurice, uniq_azrael, uniq_erolcha

Skill      XL: |  1  2  3  4  5  6  7  8  9 10 11 12 |
---------------+-------------------------------------+-----
Axes           | 3 4 5 6 7 8 10 11 13 14 15 16 | 16.3
Fighting       | 4 5 6 7 9 10 | 10.1
Invocations    | 1 3 5 7 8 |  8.8
Shields        | 5 7 9 11 13 | 13.1
Armour         | |  3.2

Action                   |  1- 3 |  4- 6 |  7- 9 | 10-12 || total
-------------------------+-------+-------+-------+-------++-------
Melee: War axe           |   121 |       |       |       ||   121
       Broad axe         |     8 |   152 |   211 |   592 ||   963
Evoke: Wand              |       |       |       |     4 ||     4
  Use: Scroll            |       |    10 |       |    16 ||    26
       Potion            |       |       |       |     3 ||     3
 Stab: Confused          |       |       |       |     5 ||     5
  Eat: Chunk             |     2 |     6 |     9 |    35 ||    52
Armor: Scale mail        |    44 |    74 |       |       ||   118
       Chain mail        |       |     3 |    95 |   242 ||   340
       Skin              |       |       |       |    19 ||    19
Dodge: Dodged            |    37 |    45 |    24 |    61 ||   167
Block: Shield            |    67 |    82 |    26 |       ||   175
       Large shield      |       |       |   116 |   628 ||   744
